 Dungeon Sprint DCSS version 0.21-a0-460-g737a915 (webtiles) character file.

432 esteth the Covert (level 6, -2/28 HPs)
             Began as a Spriggan Enchanter on Nov 20, 2017.
             Was an Initiate of Dithmenos.
             Shot with an arrow by a centaur warrior (17 damage)
             ... in the Dungeon (Sprint I: "Red Sonja").
             The game lasted 00:05:09 (947 turns).

esteth the Covert (Spriggan Enchanter)               Turns: 947, Time: 00:05:10

Health: -2/28      AC:  2    Str:  2 (4)  XL:     6   Next: 67%
Magic:  11/11      EV: 18    Int: 17 (18) God:    Dithmenos [......]
Gold:   297        SH:  0    Dex: 15 (17) Spells: 0/10 levels left

rFire    . . .     SeeInvis +   a - +1 dagger
rCold    . . .     Gourm    .   (shield restricted)
rNeg     . . .     Faith    .   b - +0 robe
rPois    .         Spirit   .   (helmet restricted)
rElec    .         Reflect  .   (no cloak)
rCorr    .         Harm     .   (gloves unavailable)
MR       ++...     NoTele   +   (boots unavailable)
Stlth    +++.......             (no amulet)
HPRegen  0.09/turn              n - ring of protection from magic
MPRegen  0.12/turn              (no ring)

@: slow
A: unfitting armour, see invisible, herbivore 3, speed 3, slow metabolism 2
a: Renounce Religion


You were in the Dungeon.
You worshipped Dithmenos.
Dithmenos was noncommittal.
You were not hungry.

You visited 1 branch You collected 297 gold pieces.

Inventory:

Hand Weapons
 a - a +1 dagger (weapon)
Armour
 b - a +0 robe (worn)
 k - a +2 leather armour of poison resistance
Jewellery
 n - a ring of protection from magic (left hand)
Scrolls
 j - a scroll of blinking
Potions
 e - a potion of curing
 f - a potion of heal wounds
 h - 2 potions of magic
 i - a potion of berserk rage
 l - a potion of might {unknown}
Books
 c - a book of Maledictions

   Spells                             Type                      Level
   a - Corona                         Hexes                        1
   b - Ensorcelled Hibernation        Hexes/Ice                    2
   c - Confuse                        Hexes                        3
   d - Tukima's Dance                 Hexes                        3
   e - Dazzling Spray                 Conjuration/Hexes            3
 m - a book of Necromancy

   Spells                             Type                      Level
   a - Pain                           Necromancy                   1
   b - Animate Skeleton               Necromancy                   1
   c - Vampiric Draining              Necromancy                   3
   d - Regeneration                   Charms/Necromancy            3
   e - Animate Dead                   Necromancy                   4
   f - Control Undead                 Necromancy                   4
Comestibles
 d - a bread ration


   Skills:
 + Level 7.2 Short Blades
 - Level 3.0 Dodging
 + Level 13.7 Stealth
 - Level 2.6 Spellcasting
 + Level 8.7 Hexes
 + Level 2.6 Necromancy
 - Level 4.5 Ice Magic


You couldn't memorise any spells.
You knew the following spells:

 Your Spells              Type           Power        Failure   Level  Hunger
a - Corona                Hex            ####...      1%          1    #......
b - Ensorcelled Hibernat  Hex/Ice        ###...       1%          2    ##.....
c - Confuse               Hex            ####....     1%          3    ###....
d - Animate Dead          Necr           N/A          52%         4    #####..


Dungeon Overview and Level Annotations

Branches:
Dungeon (1/1)

Altars:
Cheibriados
Dithmenos
Elyvilon
Fedhas
Gozag
Hepliaklqana
Kikubaaqudgha
Makhleb
Nemelex Xobeh
Okawaru
Qazlal
Ru
Sif Muna
Trog
Uskayaw
Vehumet
Wu Jian
Xom
Yredelemnul
Zin
The Shining One
Jiyva
Lugonu

Shops:
D %

Annotations:
D Sonja


Innate Abilities, Weirdness & Mutations

You are very small and have problems with some larger weapons.
You are too small for most types of armour.
You have supernaturally acute eyesight. (SInv)
You are a herbivore.
You cover ground extremely quickly.
You need consume almost no food.


Message History

Done waiting.
There is an open door here.
You open the door.
A centaur warrior comes into view.
There is an open door here.
You enter the shallow water.
Moving in this stuff is going to be slow.
The centaur warrior shouts!
The centaur warrior wields a longbow.
The centaur warrior shoots an arrow.
The arrow closely misses you.
You hear a splash.
The centaur warrior hits you!
Ouch! That really hurt!
Okay, then.
It was a potion of degeneration.
There was something very wrong with that liquid.
You feel weakened.
You feel dopey.
You feel clumsy.
The centaur warrior shoots an arrow.
The arrow hits you!
Ouch! That really hurt!
You die...

############## ##
.#..'..#.)'..#__#
.'..#).'..#..+J.+
.#####'#####'#__####
.####..#...#.####%§#
.#__####..##.#§§§§§#
.#_____##'#_.§§§§c§+
⌠#_.∩...'..._#§§@§c#
##_..__##_.#'##+####
#_____###+#(#
####### .### .$ K$#
.## +#


You could see 2 centaur warriors.

Vanquished Creatures
  Sigmund (D)
  A yak (D)
  An ogre (D)
  A jelly (D)
  Ijyb (D)
5 creatures vanquished.

Vanquished Creatures (others)
  A gargoyle (D)
1 creature vanquished.

Grand Total: 6 creatures vanquished

Notes
Turn   | Place    | Note
-------+----------+-------------------------------------------
     0 | D        | esteth the Spriggan Enchanter began the quest for the Orb.
     0 | D        | Reached XP level 1. HP: 9/9 MP: 5/5
     3 | D        | Noticed Ijyb
    28 | D        | Killed Ijyb
    28 | D        | Reached skill level 10 in Stealth
    28 | D        | Reached XP level 2. HP: 6/13 MP: 6/6
   145 | D        | Killed a gargoyle
   205 | D        | Learned a level 2 spell: Ensorcelled Hibernation
   208 | D        | Noticed an ogre
   475 | D        | Killed an ogre
   475 | D        | Reached skill level 11 in Stealth
   475 | D        | Reached skill level 5 in Hexes
   475 | D        | Reached XP level 3. HP: 3/16 MP: 0/8
   475 | D        | Reached XP level 4. HP: 4/21 MP: 0/9
   716 | D        | Noticed Sigmund
   719 | D        | Killed Sigmund
   719 | D        | Reached skill level 5 in Short Blades
   719 | D        | Reached skill level 12 in Stealth
   719 | D        | Reached XP level 5. HP: 24/24 MP: 10/10
   724 | D        | Learned a level 3 spell: Confuse
   737 | D        | Found an ornate altar of the Wu Jian Council.
   737 | D        | Found a deep blue altar of Sif Muna.
   739 | D        | Found a radiant altar of Vehumet.
   743 | D        | Reached skill level 13 in Stealth
   743 | D        | Reached XP level 6. HP: 28/28 MP: 11/11
   758 | D        | Learned a level 4 spell: Animate Dead
   789 | D        | Found Zorch's Food Emporium.
   789 | D        | Found an ancient bone altar of Kikubaaqudgha.
   789 | D        | Found a hazy altar of Hepliaklqana.
   789 | D        | Found a stormy altar of Qazlal.
   789 | D        | Found a hide-covered altar of Uskayaw.
   789 | D        | Found a blossoming altar of Fedhas.
   789 | D        | Found a bloodstained altar of Trog.
   789 | D        | Found an iron altar of Okawaru.
   789 | D        | Found a basalt altar of Yredelemnul.
   789 | D        | Found a glowing golden altar of the Shining One.
   789 | D        | Found a snail-covered altar of Cheibriados.
   789 | D        | Found a sacrificial altar of Ru.
   789 | D        | Found a glowing silver altar of Zin.
   789 | D        | Found a shadowy altar of Dithmenos.
   789 | D        | Found a white marble altar of Elyvilon.
   789 | D        | Noticed a yak
   790 | D        | Found an opulent altar of Gozag.
   791 | D        | Killed a yak
   792 | D        | Found a sparkling altar of Nemelex Xobeh.
   800 | D        | Became a worshipper of Dithmenos the Shadowed
   808 | D        | Noticed Sonja
   822 | D        | Noticed a centaur warrior
   830 | D        | Found a burning altar of Makhleb.
   830 | D        | Found a viscous altar of Jiyva.
   830 | D        | Found a shimmering altar of Xom.
   830 | D        | Found a corrupted altar of Lugonu.
   830 | D        | Noticed a slime creature
   943 | D        | Noticed a centaur warrior
   947 | D        | Shot with an arrow by a centaur warrior

Vault maps used:
D:        dungeon_sprint_1

Skill      XL: |  1  2  3  4  5  6 |
---------------+-------------------+-----
Stealth        | 10 11 12 13 | 13.7
Short Blades   | 3 5 6 7 |  7.2
Hexes          | 5 7 8 |  8.7
Ice Magic      | 2 4 |  4.5
Necromancy     | 2 |  2.6
Dodging        | |  3.0
Spellcasting   | |  2.6

Action                   |  1- 3 |  4- 6 || total
-------------------------+-------+-------++-------
Melee: Dagger            |    25 |     3 ||    28
 Cast: Ensorcelled Hiber |     8 |       ||     8
  Use: Potion            |     1 |     1 ||     2
 Stab: Sleeping          |     2 |     3 ||     5
Armor: Robe              |     1 |       ||     1
Dodge: Dodged            |    16 |     1 ||    17

Table legend:
 A = Spawn XP
 B = Non-spawn XP
 C = Spawn XP percentage of total XP
 D = Spawn monster count
 E = Non-spawn monster count
 F = Spawn count percentage of total count
 G = Total turns spent on level
                    A         B        C        D         E        F      G
               +---------+---------+-------+---------+---------+-------+---------
         Total |       0 |     618 |   0.0 |       0 |       5 |   0.0 |   947
               +---------+---------+-------+---------+---------+-------+---------
             D |       0 |     618 |   0.0 |       0 |       5 |   0.0 |   947
               +---------+---------+-------+---------+---------+-------+---------
